 Dungeon Crawl Stone Soup version 0.19-a0-1682-g5114f93 (webtiles) character file.

298 MistressOfTheDunes the Insei (level 6, -2/47 HPs)
             Began as a Mummy Monk on Sept 24, 2016.
             Killed by divine providence
             ... invoked by an orc priest
              (17 damage)
             ... on level 4 of the Dungeon.
             The game lasted 00:05:35 (4768 turns).

MistressOfTheDunes the Insei (Mummy Monk)           Turns: 4768, Time: 00:05:36

Health: -2/47      AC:  3    Str: 15    XL:     6   Next: 13%
Magic:  6/6        EV: 17    Int:  9    God:
Gold:   137        SH:  0    Dex: 16    Spells: 0 memorised, 5 levels left

rFire  x . .     SeeInvis .       - Unarmed
rCold  + . .     Gourm    .     (no armour)
rNeg   + + +     Faith    .     (no shield)
rPois  ∞         Spirit   .     e - +1 helmet
rElec  .         Dismiss  .     (no cloak)
rCorr  .         Reflect  .     (no gloves)
MR     +....     Harm     .     (no boots)
Stlth  ++........               (no amulet)
                                d - ring of protection from magic
                                i - +3 ring of evasion

@: no status effects
A: no food or potions, fire vulnerability, cold resistance 1, negative energy
resistance 3, torment resistance, unbreathing
a: no special abilities


You were on level 4 of the Dungeon.
You were not hungry.

You visited 1 branch of the dungeon, and saw 4 of its levels.

You collected 137 gold pieces.


Innate Abilities, Weirdness & Mutations

You do not eat or drink.
Your flesh is vulnerable to fire.
You are immune to poison.
Your flesh is cold resistant. (rC+)
You are immune to negative energy. (rN+++)
You are immune to unholy pain and torment.
You can survive without breathing.


   Skills:
 - Level 3.0 Fighting
 + Level 3.7 Dodging
 - Level 1.5 Stealth
 - Level 5.0 Unarmed Combat


You had 5 spell levels left.
You didn't know any spells.

Inventory:

Armour
 e - a +1 helmet (worn)
Jewellery
 b - an uncursed ring of stealth
 d - a ring of protection from magic (right hand)
 i - a +3 ring of evasion (left hand)
Scrolls
 a - 2 scrolls of teleportation {@r4}
 c - a scroll of amnesia {unknown}
 f - 4 scrolls of identify {@r1}
 g - a scroll of fog
 h - a scroll of remove curse

Dungeon Overview and Level Annotations

Branches:
Dungeon (4/15)
 Temple: D:4-7

Altars:

▒...... .▒ . ▒.▒▒▒▒.
o.. .▒▒ ▒.▒ . ▒.>.
..▒▒.▒▒▒▒▒▒▒.▒ .
....▒▒▒.▒▒.........▒
▒
....?.▒.▒▒▒▒▒▒.▒▒▒▒▒
......?.▒ ▒.▒
........▒ ▒▒.▒
▒.M▒▒▒▒▒..▒ ..
▒...O....▒▒▒▒▒.▒▒
▒.▒
▒.....:.......... ▒
▒.▒
▒▒▒▒▒▒▒▒.▒▒▒▒▒.▒▒ ▒.
▒.▒ ▒.▒ ▒..▒▒.▒ ▒.▒
.....▒▒▒▒▒▒ ▒.▒
▒.▒▒▒......▒▒▒▒▒.▒
▒........▒.......▒


You could see an ogre and an orc priest.


Message History

You annihilate the hound!!!
No target in view!!!
No target in view!!!
No target in view!!!
You see here a hound corpse!
Found 16 stones!
You see here 16 stones!
You see here 16 stones!
Found 14 gold pieces!
You now have 122 gold pieces (gained 14)!
Found 15 gold pieces!
You now have 137 gold pieces (gained 15)!
Found a leatherbound book!
Found a stone staircase leading up!
An ogre comes into view! It is wielding a giant club!
The ogre shouts!!!
Found a hand axe!
The ogre hits you with a giant club!!!
Found 10 gold pieces!
You pummel the ogre like a punching bag!
The ogre is lightly wounded!
The ogre hits you with a giant club!!!!!!
DANG * * * don't die
* * *
Found a scroll of teleportation!
Found a stone staircase leading down!
Found a scroll of identify!
An orc priest comes into view! It is wielding a hand axe!
The orc priest shouts!!!
The orc priest invokes the aid of Beogh against you!
Beogh smites you!!! rip

Action                   |  1- 3 |  4- 6 || total
-------------------------+-------+-------++-------
Melee: Unarmed           |   187 |   221 ||   408
       Punch             |     3 |     3 ||     6
  Use: Scroll            |       |     5 ||     5
 Stab: Sleeping          |     6 |     6 ||    12
       Distracted        |     1 |       ||     1
Armor: Skin              |    24 |    25 ||    49
Dodge: Dodged            |   120 |   114 ||   234

Vault maps used:
D:1:      dpeg_arrival_three_same_balls
D:2:      kennysheep_generic_room_6, uniq_natasha
D:3:      first_bread

Notes
Turn   | Place    | Note
-------+----------+-------------------------------------------
     0 | D:1      | MistressOfTheDunes the Mummy Monk began the quest for the Orb.
     0 | D:1      | Reached XP level 1. HP: 18/18 MP: 1/1
   557 | D:1      | Reached XP level 2. HP: 17/24 MP: 2/2
   674 | D:1      | Reached skill level 3 in Unarmed Combat
  1237 | D:2      | Reached XP level 3. HP: 23/29 MP: 3/3
  1501 | D:2      | Noticed Natasha
  2155 | D:2      | Killed Natasha
  2155 | D:2      | Reached skill level 4 in Unarmed Combat
  2155 | D:2      | Reached XP level 4. HP: 15/35 MP: 4/4
  2896 | D:3      | Reached XP level 5. HP: 34/41 MP: 5/5
  3301 | D:3      | Reached skill level 5 in Unarmed Combat
  3629 | D:3      | Reached skill level 3 in Dodging
  4457 | D:4      | Reached XP level 6. HP: 22/47 MP: 6/6
  4768 | D:4      | Killed from afar by an orc priest

Vanquished Creatures
  An orc priest (D:4)
  A hound (D:4)
  An orc wizard (D:2)
  Natasha (D:2)
  3 gnolls (D:3)
  5 adders
  An ooze (D:1)
  5 worms
  3 leopard geckos
  9 orcs
  A giant cockroach (D:2)
  10 goblins
  12 hobgoblins
  A ball python (D:2)
  8 bats
  7 frilled lizards
  14 kobolds
  9 rats
92 creatures vanquished.
